 Dungeon Crawl Stone Soup version 0.28.0-53-g5a82cb258f (webtiles) character file.

Game seed: 676169083467525594

1494 MisterFreud the Destroyer (level 8, -18/54 HPs)
             Began as an Octopode Conjurer on June 9, 2022.
             Was an Initiate of Gozag.
             Demolished by a two-headed ogre
             ... wielding a +0 giant club
              (37 damage)
             ... on level 6 of the Dungeon.
             The game lasted 00:09:21 (7721 turns).

MisterFreud the Destroyer (Octopode Conjurer)       Turns: 7721, Time: 00:09:22

Health: -18/54     AC:  1    Str:  6    XL:     8   Next: 81%
Magic:  12/23      EV: 14    Int: 22    God:    Gozag
Gold:   211        SH:  0    Dex: 11    Spells: 12/15 levels left

rFire   . . .      SeeInvis .   n - +0 dagger (venom)
rCold   . . .      Faith    .   (no shield)
rNeg    . . .      Spirit   .   (helmet restricted)
rPois   .          Reflect  .   (no amulet)
rElec   .          Harm     .   j - ring of magical power
rCorr   .          Rampage  .   (no ring)
Will    .....                   (no ring)
Stlth   ++++......              (no ring)
HPRegen 0.18/turn               (no ring)
MPRegen 0.18/turn               (no ring)
                                (no ring)
                                (no ring)

@: no status effects
A: almost no armour, amphibious, 8 rings, camouflage 1, gelatinous body 1,
(nimble swimmer 1), tentacles
a: Renounce Religion, Potion Petition, Call Merchant, Bribe Branch


You were on level 6 of the Dungeon.
You worshipped Gozag.
Gozag was aware of your devotion.
You visited 1 branch of the dungeon, and saw 8 of its levels.

You collected 352 gold pieces.
You paid 141 gold pieces to Gozag.

Inventory:

Hand Weapons
 h - a +0 short sword
 n - a +0 dagger of venom (weapon)
Missiles
 f - 4 curare-tipped darts
 g - 6 poisoned darts
 l - 3 boomerangs
Jewellery
 j - a ring of magical power (left tentacle)
Wands
 m - a wand of flame (17)
 r - a wand of polymorph (10)
Scrolls
 b - 2 scrolls of enchant armour
 d - a scroll of teleportation
 e - 2 scrolls of identify
 p - a scroll of holy word
Potions
 a - a potion of berserk rage
 c - 6 potions of curing {unknown}
 i - 2 potions of lignification
 k - a potion of heal wounds
 o - a potion of attraction {unknown}
 q - 2 potions of ambrosia
 t - a potion of magic


   Skills:
 - Level 4.0 Fighting
 - Level 5.0 Dodging
 - Level 5.0 Stealth
 - Level 4.0 Spellcasting
 + Level 8.2 Conjurations


You had 12 spell levels left.
You knew the following spells:

 Your Spells              Type           Power      Damage    Failure   Level
a - Magic Dart            Conj           100%       1d8       1%          1
b - Searing Ray           Conj           80%        2d7       1%          2

Your spell library contained the following spells:

 Spells                   Type           Power      Damage    Failure   Level
 Shock                    Conj/Air       88%        1d8       1%          1
 Dazzling Flash           Conj/Hex       44%        N/A       6%          3
 Pain                     Necr           16%        1d4       11%         1
 Summon Small Mammal      Summ           16%        N/A       11%         1
 Fulminant Prism          Conj/Hex       11%        3d9       21%         4
 Iskenderun's Mystic Bla  Conj/Tloc      22%        2d6       21%         4
 Call Canine Familiar     Summ           4%         N/A       32%         3
 Summon Guardian Golem    Hex/Summ       4%         N/A       32%         3
 Swiftness                Air            4%         N/A       32%         3
 Airstrike                Air            2%         N/A       73%         4
 Agony                    Necr           4%         N/A       97%         5
 Excruciating Wounds      Necr           2%         N/A       97%         5


Dungeon Overview and Level Annotations

Branches:
Dungeon (8/15)
 Temple: D:4-7         Lair: D:8-11

Altars:
Ashenzari
Dithmenos
Gozag
Hepliaklqana
Uskayaw
Vehumet

Shops:
D:1 ?   D:5 [


Innate Abilities, Weirdness & Mutations

You cannot wear most types of armour.
You are amphibious.
You can wear up to eight rings at the same time.
Your skin changes colour to match your surroundings (Stealth+).
Your rubbery body absorbs attacks. (AC +1, EV +1)
((You are camouflaged when in or above water. (Stealth+)))
You have tentacles for arms and can constrict up to eight enemies at once.


Message History

The two-headed ogre is lightly wounded.
The magic dart hits the two-headed ogre.
The two-headed ogre is lightly wounded.
The magic dart hits the two-headed ogre but does no damage.
The two-headed ogre is lightly wounded.
The magic dart hits the two-headed ogre.
The two-headed ogre is lightly wounded.
The magic dart hits the two-headed ogre.
The two-headed ogre is moderately wounded.
Casting: Magic Dart (safe; 1% risk of failure)
Confirm with . or Enter, or press ? or * to list all spells.
Aiming: Searing Ray (safe; 1% risk of failure)
Press: ? - help, Shift-Dir - straight line, f/p - two-headed ogre
Aim: a two-headed ogre, wielding two +0 giant clubs (moderately wounded, 91% to hit)
The searing ray hits the two-headed ogre.
The two-headed ogre is moderately wounded. (Press . to maintain the ray.)
The searing ray hits the two-headed ogre.
The two-headed ogre is moderately wounded.
The two-headed ogre hits you with a +0 giant club!!
The two-headed ogre closely misses you.
The searing ray hits the two-headed ogre.
The two-headed ogre is moderately wounded.
The two-headed ogre misses you.
The two-headed ogre hits you with a +0 giant club!
The searing ray hits the two-headed ogre.
The two-headed ogre is heavily wounded.
You finish channelling your searing ray.
Casting: Searing Ray (safe; 1% risk of failure)
Confirm with . or Enter, or press ? or * to list all spells.
Aiming: Searing Ray (safe; 1% risk of failure)
Press: ? - help, Shift-Dir - straight line, f/p - two-headed ogre
Aim: a two-headed ogre, wielding two +0 giant clubs (heavily wounded, 91% to hit)
The searing ray hits the two-headed ogre.
The two-headed ogre is heavily wounded. (Press . to maintain the ray.)
The two-headed ogre hits you with a +0 giant club!!!
Ouch! That really hurt!
You die...
Your body crumbles into a pile of gold.

... #.# #.# #.# #.#
#?# #.# #.# #.# #.#
#># #O# #.# #@# #.#
#.# #.# #.#### #.#
##....######.#
#............#
#######.###.########
#.........#..#
#.#####.#.##.# #>#
#.#.##.#


You could see a two-headed ogre.

Vanquished Creatures
  Sigmund (D:2)
  A steam dragon (D:7)
  A water moccasin (D:5)
  An orc warrior (D:7)
  A sky beast (D:6)
  2 ogres (D:4)
  A centaur (D:5)
  2 bullfrogs (D:5)
  2 scorpions (D:4)
  2 orc priests
  2 hounds
  A centaur skeleton (D:5)
  2 orc wizards
  An iguana (D:7)
  A scorpion zombie (D:5)
  2 hound skeletons
  A howler monkey zombie (D:5)
  5 adders
  2 ufetubi (D:5)
  An adder zombie (D:5)
  2 worms (D:2)
  3 dart slugs
  11 orcs
  13 ball pythons
  6 endoplasms
  2 giant cockroaches (D:2)
  4 hobgoblins
  7 jackals
  3 quokkas
  3 frilled lizards
  8 goblins
  9 kobolds
  13 rats
116 creatures vanquished.

Vanquished Creatures (others)
  2 plants (D:2)
  7 toadstools (D:1)
9 creatures vanquished.

Grand Total: 125 creatures vanquished

Notes
Turn   | Place    | Note
-------+----------+-------------------------------------------
     0 | D:1      | MisterFreud the Octopode Conjurer began the quest for the
                  | Orb.
     0 | D:1      | Reached XP level 1. HP: 11/11 MP: 3/3
   129 | D:1      | You fall into a shaft and drop 1 floor!
   361 | D:2      | Reached XP level 2. HP: 17/17 MP: 1/5
   539 | D:1      | Found Zull's Magic Scroll Boutique.
   738 | D:1      | Learned a level 2 spell: Searing Ray
  1179 | D:1      | Reached XP level 3. HP: 21/21 MP: 1/6
  1298 | D:1      | Reached skill level 5 in Conjurations
  2206 | D:2      | Found a shadowy altar of Dithmenos.
  2425 | D:2      | Reached XP level 4. HP: 27/27 MP: 4/7
  2486 | D:2      | Noticed Sigmund
  2495 | D:2      | Killed Sigmund
  2496 | D:2      | Reached skill level 6 in Conjurations
  2496 | D:2      | Reached XP level 5. HP: 31/31 MP: 0/9
  3067 | D:3      | Found an opulent altar of Gozag.
  3151 | D:3      | Reached XP level 6. HP: 36/36 MP: 8/10
  3274 | D:3      | Found a radiant altar of Vehumet.
  4442 | D:4      | Reached skill level 5 in Dodging
  4929 | D:4      | Reached XP level 7. HP: 37/41 MP: 5/11
  5029 | D:4      | Reached skill level 5 in Stealth
  5541 | D:5      | Entered Level 5 of the Dungeon
  5541 | D:5      | Found Ovetweiro's Antique Armour Emporium.
  5651 | D:5      | Reached skill level 7 in Conjurations
  5786 | D:5      | Found a broken altar of Ashenzari.
  5968 | D:5      | Found a hazy altar of Hepliaklqana.
  5985 | D:5      | Noticed a +0 dagger
  5985 | D:5      | Noticed a +0 spear
  5986 | D:5      | Noticed a +0 short sword
  5986 | D:5      | Noticed a +0 falchion
  5986 | D:5      | Noticed a +0 falchion
  5997 | D:5      | Reached XP level 8. HP: 24/46 MP: 12/12
  6168 | D:5      | Noticed a +0 short sword
  6169 | D:5      | Noticed a +0 dagger
  6169 | D:5      | Noticed a +0 spear
  6171 | D:5      | Found a hide-covered altar of Uskayaw.
  6176 | D:5      | Reached skill level 8 in Conjurations
  6222 | D:5      | You fall into a shaft and drop 2 floors!
  7135 | D:3      | Became a worshipper of Gozag Ym Sagoz the Greedy
  7711 | D:6      | Noticed a two-headed ogre
  7721 | D:6      | Demolished by a two-headed ogre

Illustrated notes

Levels and vault maps discovered:
D:1:      nagdon_arrival_double_spiral, layout_basic, serial_shops, shop
D:2:      layout_rooms, basic_altar, serial_forest,
          infiniplex_forest_lined_room_, infiniplex_forest_end_2,
          infiniplex_forest_corner_1, infiniplex_forest_straight_2,
          infiniplex_forest_lined_2, infiniplex_forest_zigzag_2,
          infiniplex_forest_clump_long, infiniplex_forest_corner_1,
          infiniplex_forest_lined_2, minmay_3d_cube, uniq_sigmund
D:3:      kennysheep_six_static_rooms, layout_rooms,
          mainiacjoe_overflow_tiny_flanked, vehumet_altar_wand_db,
          serial_park_tiny_2
D:4:      layout_basic, minmay_misc_feat_encased, hangedman_decor_peaks_small
D:5:      layout_loops_ring, lemuel_doored_altar, mainiacjoe_overflow_paths,
          nicolae_uskayaw_en_pointe, nicolae_stop_n_shop_2
D:6:      layout_basic, tso_altar, minmay_temple_entry_glassed_door,
          serial_shops, nicolae_shop_overgrown_old_shop, nicolae_grassy_gnolls
D:7:      layout_basic, zin_statuary, uniq_maggie
D:8:      layout_gridville, serial_shops, kennysheep_little_box

Skill      XL: |  1  2  3  4  5  6  7  8 |
---------------+-------------------------+-----
Conjurations   | 5 6 7 8 |  8.2
Spellcasting   | 3 4 |  4.0
Dodging        | 3 5 |  5.0
Stealth        | 3 5 |  5.0
Fighting       | 4 |  4.0

Action                   |  1- 3 |  4- 6 |  7- 9 || total
-------------------------+-------+-------+-------++-------
Melee: Unarmed           |    25 |       |       ||    25
       Constrict         |    10 |     4 |     9 ||    23
       Tentacles         |     7 |     3 |    13 ||    23
       Short sword       |     3 |     3 |       ||     6
       Dagger            |       |     5 |    43 ||    48
       Punch             |       |     1 |       ||     1
 Cast: Magic Dart        |    69 |    90 |    52 ||   211
       Searing Ray       |       |     1 |    15 ||    16
  Use: Scroll            |       |       |    13 ||    13
 Stab: Sleeping          |       |     1 |     2 ||     3
Armor: Skin              |     3 |       |     8 ||    11
Dodge: Dodged            |    14 |     6 |    69 ||    89
